 Dungeon Crawl Stone Soup version 0.17-a0-2127-g1cb09f6 (console) character file.

144159 brucemayne the Severer (level 16, -6/123 HPs)
             Began as a Demonspawn Berserker on Oct 22, 2015.
             Was an Elder of Trog.
             Splashed by an acid blob's acid (7 damage)
             ... on level 6 of the Pits of Slime.
             The game lasted 01:08:18 (10575 turns).

brucemayne the Severer (Demonspawn Berserker)      Turns: 10575, Time: 01:08:19

Health: -6/123     AC: 29    Str: 28    XL:     16   Next: 54%
Magic:  21/21      EV: 25    Int: 10    God:    Trog [****..]
Gold:   588        SH:  4    Dex: 18    Spells: 0 memorised, 15 levels left

rFire  . . .     SeeInvis .     I - +8 battleaxe of Sefoabid {chop, MR++}
rCold  + . .     Clarity  .     J - +6 crystal plate armour "Fuibur" {rN+}
rNeg   + . .     SustAt   .     (no shield)
rPois  .         Gourm    .     x - +0 helmet
rElec  .         Spirit   .     t - +0 cloak
rCorr  +         Warding  .     d - +0 pair of gloves
rMut   .         Stasis   .     (boots unavailable)
MR     +++..                    h - amulet of resist corrosion
Stlth  ..........               H - ring of Shaolin {EV+8}
                                S - +5 ring of evasion

@: mighty, agile, corroded equipment, very slightly contaminated, extremely
resistant to hostile enchantments, extremely unstealthy
A: hooves 3, large bone plates 3, cold resistance 1, nightstalker 2, freezing
cloud immunity
a: Berserk, Trog's Hand, Brothers in Arms, Burn Spellbooks, Renounce Religion
}: 1/15 runes: decaying


You were on level 6 of the Pits of Slime.
You worshipped Trog.
Trog was greatly pleased with you.
You were hungry.

You visited 5 branches of the dungeon, and saw 35 of its levels.
You also visited: Bailey.

You collected 2716 gold pieces.
You spent 2128 gold pieces at shops.

Inventory:

Hand Weapons
 I - the +8 battleaxe of Sefoabid (weapon) {chop, MR++}
   (You took it off a centaur warrior on level 11 of the Dungeon)

   It inflicts extra damage upon your enemies.
   It affects your resistance to hostile enchantments.
Missiles
 M - a throwing net (quivered)
Armour
 d - a +0 pair of gloves (worn)
 t - a +0 cloak (worn)
 x - a +0 helmet (worn)
 J - the +6 crystal plate armour "Fuibur" (worn) {rN+}
   (You took it off an orc warrior on level 11 of the Dungeon)

   It protects you from negative energy.
Jewellery
 h - an amulet of resist corrosion (around neck)
 m - an uncursed ring of teleportation
 y - an uncursed amulet of the gourmand {unknown}
 H - the ring of Shaolin (right hand) {EV+8}
   (You bought it in a shop on level 4 of the Orcish Mines)

   [ring of evasion]

   It affects your evasion (+8).
 Q - an uncursed amulet of regeneration
 S - a +5 ring of evasion (left hand)
Wands
 a - a wand of fire (0)
 w - a wand of digging (11)
Scrolls
 c - 2 scrolls of enchant weapon
 g - a scroll of fog {unknown}
 s - 6 scrolls of remove curse
 F - a scroll of enchant armour {unknown}
 G - 2 scrolls of holy word {unknown}
 N - a scroll of immolation
 T - a scroll of acquirement {unknown}
Potions
 b - a potion of magic
 e - a potion of cancellation
 f - 2 potions of resistance
 k - 3 potions of lignification
 p - 2 potions of curing
 v - a potion of agility
 E - a potion of mutation {unknown}
 U - 2 potions of heal wounds {unknown}
 X - 2 potions of might
Miscellaneous
 o - a sack of spiders
Comestibles
 r - 2 meat rations


   Skills:
 - Level 10.3 Fighting
 - Level 20.2 Axes
 + Level 13.4 Armour
 - Level 1.7 Dodging
 - Level 7.1 Evocations


You had 15 spell levels left.
You didn't know any spells.

Dungeon Overview and Level Annotations

Branches:
Dungeon (13/15)            Temple (0/1) D:5            Lair (8/8) D:11
  Swamp (4/4) Lair:5        Snake (0/4) Lair:4        Slime (6/6) Lair:6
    Orc (4/4) D:12
    Elf: Orc:3-4     Vaults: D:13-14

Altars:
Ashenzari
Dithmenos
Okawaru
Qazlal
Vehumet
Xom
Zin
Beogh
Jiyva

Shops:
D:10 =   Orc:4 ===(=

Annotations:
D:4 Dowan


Innate Abilities, Weirdness & Mutations

You have hooves in place of feet.
You are completely covered in large bone plates (AC +4, SH +4).
Your flesh is cold resistant.
You are significantly more attuned to the shadows.
You are immune to freezing clouds.


Message History

The azure jelly misses you. The azure jelly barely misses you.
The azure jelly completely misses you. The azure jelly misses you.
The acid blob completely misses you.
Unknown command.
You slice the death ooze!! You kick the death ooze!
The death ooze is almost destroyed.
You hit the azure jelly.
The azure jelly is severely wounded.
You slash the acid blob!
Your hands burn!
* * * LOW HITPOINT WARNING * * *
The acid blob is lightly wounded.
You completely miss the azure jelly. The death ooze hits you!!
* * * LOW HITPOINT WARNING * * *
The death ooze completely misses you.
The azure jelly hits you but does no damage.
You block the azure jelly's attack. The azure jelly misses you.
The azure jelly hits you but does no damage.
The acid blob spits acid at you. The splash of acid hits you!
The acid burns!
You resist.
You die...

..............
#.............
#............
#..##("=##............
#.##?[(|(.#...........
#..##?")[##...........
##J#:#)?####..........
##JJ###J####...........
#.JJJ#@J.#............
..JJJJJ#JJ.#.........
##JJ#########.......
##J#:#()####......
#..##(=%[## .....
#.##()$[$## ...


You could see 4 acid blobs, 7 azure jellies, 2 large slime creatures and 5 death
oozes.

Vanquished Creatures
  the royal jelly (Slime:6)
  the Lernaean hydra (Swamp:4)
  8 acid blobs
  2 thorn hunters
  7 azure jellies
  3 dire elephants (Lair:8)
  Snorg (Orc:3)
  A death ooze (Slime:5)
  An ettin (Orc:4)
  2 great orbs of eyes
  Fannar (D:11)
  17 hydras
  An anaconda (Lair:8)
  2 centaur warriors (D:11)
  An ogre mage (Orc:4)
  The ghost of Uberwunderbarhen the Thaumaturge, a journeyman DEFE of Vehumet (D:10)
  6 alligators
  Nergalle (Lair:4)
  A deep troll (Orc:4)
  An unseen horror (D:12)
  A giant orange brain (Slime:6)
  4 shambling mangroves
  3 hill giants
  6 swamp dragons (Swamp:4)
  3 cyclopes
  4 orc knights
  2 griffons
  An ugly thing (D:12)
  3 hornets (Swamp:2)
  4 elephants (Lair:8)
  11 black mambas
  2 shining eyes (Slime:2)
  3 centaur zombies (D:12)
  2 gargoyles (D:12)
  Psyche (D:11)
  An eye of devastation (Slime:3)
  A centaur skeleton (D:10)
  2 torpor snails
  9 spiny frogs
  2 fire drakes
  10 komodo dragons
  9 trolls
  2 polar bears
  44 slime creatures
  6 bog bodies
  5 giant leeches
  7 two-headed ogres
  A shadow (Swamp:3)
  8 blink frogs
  A wraith (D:11)
  A deep elf mage (D:10)
  24 yaks
  A spriggan (Swamp:4)
  A hungry ghost (D:11)
  5 vampire mosquitoes (Swamp:2)
  2 wargs
  3 basilisks
  5 deep elf fighters (D:11)
  4 insubstantial wisps (Swamp:4)
  5 wolves (Lair:6)
  8 swamp worms
  3 hippogriffs
  15 water moccasins
  Duvessa (D:4)
  4 sky beasts
  14 swamp drakes
  19 ogres
  A black bear (D:10)
  An ice beast (D:10)
  2 porcupines
  21 orc warriors
  8 wasps
  A phantom (D:12)
  3 centaurs
  9 crocodiles
  3 eyes of draining
  Blork the orc (D:4)
  6 big kobolds (D:9)
  12 giant frogs
  A wyvern zombie (D:12)
  3 scorpions (D:10)
  2 killer bees (D:9)
  3 crimson imps
  11 orc priests
  17 jellies
  2 hounds
  2 giant frog skeletons
  4 worker ants
  11 orc wizards
  5 iguanas
  12 sheep
  2 gnolls (Bailey)
  53 river rats
  9 adders
  3 shadow imps
  2 giant geckos
  99 orcs
  4 ball pythons
  11 bats
  5 giant cockroaches
  2 hobgoblins (D:2)
  3 giant newts
  7 goblins
  7 jackals
  19 kobolds
  13 rats
  6 plants
718 creatures vanquished.

Vanquished Creatures (collateral kills)
  Kirke (Swamp:3)
  A great orb of eyes (Slime:6)
  3 hydras (Swamp:4)
  A deep troll (Orc:4)
  A shambling mangrove (Swamp:2)
  A swamp dragon (Swamp:4)
  A hornet (Swamp:2)
  A troll (Orc:4)
  6 slime creatures
  A bog body (Swamp:3)
  A shadow (Swamp:4)
  A spriggan (Swamp:3)
  3 hogs (Swamp:3)
  2 swamp worms (Swamp:4)
  An eye of draining (Slime:2)
  A wasp (Swamp:3)
  An ogre (Orc:4)
  A jelly (Slime:6)
  2 orc priests (Orc:3)
  6 orcs (Orc:3)
36 creatures vanquished.

Vanquished Creatures (others)
  An ogre mage (Orc:4)
  A human (Swamp:3)
  A swamp drake (Swamp:2)
  4 fungi
  4 plants
11 creatures vanquished.

Grand Total: 765 creatures vanquished

Notes
Turn   | Place    | Note
--------------------------------------------------------------
     0 | D:1      | brucemayne the Demonspawn Berserker began the quest for the Orb.
     0 | D:1      | Reached XP level 1. HP: 18/18 MP: 1/1
   197 | D:1      | Gained mutation: Your flesh is cold resistant. [demonic ancestry]
   197 | D:1      | Reached XP level 2. HP: 21/24 MP: 2/2
   302 | D:2      | Reached ** piety under Trog
   329 | D:2      | Found a faded altar to an unknown god.
   406 | D:2      | Gained mutation: You have large cloven feet. [demonic ancestry]
   406 | D:2      | Reached XP level 3. HP: 27/29 MP: 3/3
   445 | D:2      | Reached skill level 4 in Axes
   633 | D:3      | Found a stormy altar of Qazlal.
   633 | D:3      | Found a shadowy altar of Dithmenos.
   634 | D:3      | Found a shattered altar of Ashenzari.
   635 | D:3      | Found a radiant altar of Vehumet.
   636 | D:3      | Found a glowing silver altar of Zin.
   660 | D:4      | Noticed Blork the orc
   675 | D:4      | Killed Blork the orc
   675 | D:4      | Reached skill level 5 in Axes
   675 | D:4      | Gained mutation: You are partially covered in large bone plates (AC +2, SH +2). [demonic ancestry]
   675 | D:4      | Reached XP level 4. HP: 32/35 MP: 4/4
   725 | D:5      | Entered Level 5 of the Dungeon
   726 | D:5      | Found a staircase to the Ecumenical Temple.
   783 | D:4      | Noticed Duvessa
   783 | D:4      | Noticed Dowan
   795 | D:4      | Killed Duvessa
   795 | D:4      | Reached XP level 5. HP: 41/41 MP: 5/5
   949 | D:5      | Noticed a centaur
   958 | D:5      | Killed a centaur
   958 | D:5      | Reached skill level 6 in Axes
   958 | D:5      | Reached XP level 6. HP: 47/47 MP: 6/6
  1078 | D:7      | Reached skill level 7 in Axes
  1095 | D:7      | Gained mutation: You are mostly covered in large bone plates (AC +3, SH +3). [demonic ancestry]
  1095 | D:7      | Reached XP level 7. HP: 35/52 MP: 7/7
  1101 | D:7      | Gained mutation: You possess an exceptional clarity of mind. [mutagenic meat]
  1197 | D:9      | Reached *** piety under Trog
  1295 | D:9      | Reached skill level 8 in Axes
  1429 | D:9      | Reached skill level 9 in Axes
  1429 | D:9      | Gained mutation: You are immune to freezing clouds. [demonic ancestry]
  1429 | D:9      | Reached XP level 8. HP: 43/58 MP: 8/8
  1464 | D:10     | Entered Level 10 of the Dungeon
  1479 | D:10     | Noticed a centaur skeleton
  1509 | D:10     | Killed a centaur skeleton
  1566 | D:9      | Reached skill level 10 in Axes
  1756 | D:10     | Reached skill level 11 in Axes
  1807 | D:11     | Reached XP level 9. HP: 27/63 MP: 9/9
  1816 | D:11     | Noticed a hill giant
  1832 | D:11     | Killed a hill giant
  1924 | D:12     | Noticed a centaur zombie
  1960 | D:12     | Killed a centaur zombie
  1960 | D:12     | Reached skill level 12 in Axes
  2079 | D:12     | Reached skill level 5 in Fighting
  2121 | D:12     | Found a shimmering altar of Xom.
  2186 | D:12     | Noticed a gargoyle
  2187 | D:12     | Noticed a hill giant
  2191 | D:12     | Noticed a cyclops
  2225 | D:12     | Killed a gargoyle
  2225 | D:12     | Gained mutation: You have hoof-like feet. [demonic ancestry]
  2225 | D:12     | Reached XP level 10. HP: 74/74 MP: 10/10
  2234 | D:12     | Killed a cyclops
  2298 | D:12     | Reached skill level 5 in Armour
  2415 | D:12     | Killed a hill giant
  2460 | D:12     | Noticed a cyan ugly thing
  2478 | D:12     | Killed a cyan ugly thing
  2514 | D:12     | Noticed a gargoyle
  2539 | D:12     | Killed a gargoyle
  2609 | D:12     | Noticed a centaur zombie
  2633 | D:12     | Killed a centaur zombie
  2696 | D:10     | Noticed Uberwunderbarhen's ghost (journeyman DEFE)
  2715 | D:10     | Killed Uberwunderbarhen's ghost
  2978 | D:10     | Got a bloodstained leather armour
  3035 | D:10     | Identified the +3 leather armour "Doxi" {rElec Int+5} (You found it on level 10 of the Dungeon)
  3065 | D:11     | Noticed a centaur warrior
  3103 | D:11     | Killed a centaur warrior
  3103 | D:11     | Reached skill level 13 in Axes
  3103 | D:11     | Gained mutation: You are slightly more attuned to the shadows. [demonic ancestry]
  3103 | D:11     | Reached XP level 11. HP: 57/87 MP: 11/11
  3268 | D:11     | Noticed a centaur warrior
  3283 | D:11     | Killed a centaur warrior
  3341 | D:11     | Got an uncursed ichor-stained battleaxe {chop}
  3342 | D:11     | Identified the +8 battleaxe of Sefoabid {chop, MR++} (You took it off a centaur warrior on level 11 of the Dungeon)
  3344 | D:11     | Got a twisted crystal plate armour
  3358 | D:11     | Identified the +6 crystal plate armour "Fuibur" {rN+} (You took it off an orc warrior on level 11 of the Dungeon)
  3415 | D:11     | Noticed an orc knight
  3425 | D:11     | Killed an orc knight
  3433 | D:11     | Found an iron altar of Okawaru.
  3530 | D:11     | Noticed Psyche
  3541 | D:11     | Killed Psyche
  3576 | D:11     | Reached **** piety under Trog
  3585 | D:11     | Noticed Fannar
  3603 | D:11     | Killed Fannar
  3603 | D:11     | Reached skill level 14 in Axes
  3639 | D:11     | Noticed a griffon
  3661 | D:11     | Killed a griffon
  3811 | D:10     | Found Ogeeh's Jewellery Shop.
  4276 | D:12     | Got an ancient steel ring
  4277 | D:12     | Identified the ring "Esiog" {Ice Str+3 Dex+2 SInv} (You found it on level 12 of the Dungeon)
  4353 | D:12     | Noticed an unseen horror
  4355 | D:12     | Found a staircase to the Orcish Mines.
  4361 | D:12     | Killed an unseen horror
  4366 | Orc:1    | Entered Level 1 of the Orcish Mines
  4416 | Orc:1    | Reached ***** piety under Trog
  4504 | Orc:2    | Found a roughly hewn altar of Beogh.
  4534 | Orc:2    | Reached skill level 15 in Axes
  4654 | Orc:2    | Reached XP level 12. HP: 95/95 MP: 12/12
  4746 | Orc:2    | Received a gift from Trog
  4879 | Orc:2    | Received a gift from Trog
  4889 | Orc:2    | Found a flagged portal.
  4894 | Bailey   | Entered a bailey
  4934 | Bailey   | Found an iron altar of Okawaru.
  5117 | Orc:3    | Noticed Snorg
  5125 | Orc:3    | Killed Snorg
  5202 | Orc:4    | Entered Level 4 of the Orcish Mines
  5218 | Orc:4    | Found Adeeffin's Jewellery Boutique.
  5269 | Orc:4    | Noticed an ettin
  5278 | Orc:4    | Reached skill level 16 in Axes
  5281 | Orc:4    | HP: 3/142 [ettin/dire flail of holy wrath (20)]
  5284 | Orc:4    | Killed an ettin
  5330 | Orc:4    | Found Utimynei's Antique Weapon Emporium.
  5344 | Orc:4    | Found Qiofavae's Jewellery Boutique.
  5346 | Orc:4    | Found Kaomiof's Jewellery Shop.
  5347 | Orc:4    | Noticed an ogre mage
  5353 | Orc:4    | Found Lecuojo's Jewellery Shop.
  5644 | Orc:4    | Reached skill level 17 in Axes
  5685 | Orc:4    | Bought a cursed ring of teleportation for 232 gold pieces
  5699 | Orc:4    | Received a gift from Trog
  5742 | Orc:4    | Killed an ogre mage
  5751 | Orc:4    | Bought the ring of Shaolin {EV+8} for 1536 gold pieces
  5751 | Orc:4    | Bought an uncursed amulet of regeneration for 360 gold pieces
  6072 | D:11     | Found a staircase to the Lair.
  6082 | Lair:1   | Entered Level 1 of the Lair of Beasts
  6149 | Lair:1   | Noticed a six-headed hydra
  6164 | Lair:1   | Killed a nine-headed hydra
  6164 | Lair:1   | Gained mutation: You have hooves in place of feet. [demonic ancestry]
  6164 | Lair:1   | Reached XP level 13. HP: 101/101 MP: 4/13
  6557 | Lair:4   | Found a staircase to the Snake Pit.
  6621 | Lair:4   | Received a gift from Trog
  6631 | Lair:4   | Noticed Nergalle
  6646 | Lair:4   | Killed Nergalle
  6758 | Lair:4   | Reached skill level 18 in Axes
  7097 | Lair:7   | Received a gift from Trog
  7135 | Lair:8   | Entered Level 8 of the Lair of Beasts
  7259 | Lair:8   | Reached skill level 19 in Axes
  7468 | Lair:8   | Gained mutation: You are completely covered in large bone plates (AC +4, SH +4). [demonic ancestry]
  7468 | Lair:8   | Reached XP level 14. HP: 105/108 MP: 14/14
  7477 | Lair:8   | Noticed a dire elephant
  7477 | Lair:8   | Noticed a dire elephant
  7494 | Lair:8   | Killed a dire elephant
  7497 | Lair:8   | Killed a dire elephant
  7592 | Lair:8   | Noticed a dire elephant
  7605 | Lair:8   | Killed a dire elephant
  7960 | Lair:6   | Reached ****** piety under Trog
  8076 | Lair:5   | Found a staircase to the Swamp.
  8111 | Lair:5   | Gained mutation: You are agile. (Dex +2) [potion of beneficial mutation]
  8113 | Swamp:1  | Entered Level 1 of the Swamp
  8130 | Swamp:1  | You fall through a shaft!
  8238 | Swamp:2  | Reached skill level 20 in Axes
  8272 | Swamp:2  | Paralysed by a hornet for 2 turns
  8351 | Swamp:3  | Noticed a thorn hunter
  8363 | Swamp:3  | Killed a thorn hunter
  8472 | Swamp:4  | Entered Level 4 of the Swamp
  8555 | Swamp:3  | Noticed Kirke
  8561 | Swamp:3  | Killed Kirke
  8561 | Swamp:3  | Received a gift from Trog
  8568 | Swamp:3  | Reached skill level 10 in Fighting
  8778 | Swamp:4  | Noticed the 27-headed Lernaean hydra
  8899 | Swamp:4  | Killed the 26-headed Lernaean hydra
  8899 | Swamp:4  | Reached XP level 15. HP: 116/116 MP: 14/16
  9068 | Swamp:4  | HP: 2/116 [swamp dragon (6)]
  9073 | Swamp:4  | Noticed a thorn hunter
  9078 | Swamp:4  | HP: 2/116 [something (21)]
  9082 | Swamp:4  | Killed a thorn hunter
  9203 | Swamp:4  | Reached skill level 5 in Evocations
  9299 | Swamp:4  | Got a decaying rune of Zot
  9624 | Lair:6   | Found a staircase to the Slime Pits.
  9666 | Slime:1  | Entered Level 1 of the Pits of Slime
  9666 | Slime:1  | Noticed an azure jelly
  9668 | Slime:1  | Noticed an azure jelly
  9671 | Slime:2  | Noticed an acid blob
  9675 | Slime:2  | Killed an azure jelly
  9681 | Slime:2  | Killed an acid blob
  9682 | Slime:2  | Noticed an azure jelly
  9697 | Slime:2  | HP: 2/116 [azure jelly (13)]
  9705 | Slime:2  | Killed an azure jelly
  9716 | Slime:2  | HP: 5/116 [slime creature (9)]
  9758 | Slime:2  | Gained mutation: You are weak. (Str -2) [a shining eye]
  9762 | Slime:2  | Gained mutation: You are very weak. (Str -4) [a shining eye]
  9766 | Slime:2  | Lost mutation: You are very weak. (Str -4) [potion of cure mutation]
  9766 | Slime:2  | Lost mutation: You are agile. (Dex +2) [potion of cure mutation]
  9766 | Slime:2  | Lost mutation: You are weak. (Str -2) [potion of cure mutation]
  9766 | Slime:2  | Lost mutation: You possess an exceptional clarity of mind. [potion of cure mutation]
  9808 | Slime:3  | Noticed an azure jelly
  9817 | Slime:3  | Killed an azure jelly
  9944 | Slime:4  | Noticed an acid blob
 10027 | Slime:4  | Noticed an acid blob
 10033 | Slime:4  | Killed an acid blob
 10033 | Slime:4  | Reached skill level 10 in Armour
 10040 | Slime:4  | Killed an acid blob
 10161 | Slime:5  | Noticed an azure jelly
 10182 | Slime:5  | Killed an azure jelly
 10243 | Slime:6  | Entered Level 6 of the Pits of Slime
 10283 | Slime:6  | Noticed an acid blob
 10291 | Slime:6  | Gained mutation: You are significantly more attuned to the shadows. [demonic ancestry]
 10291 | Slime:6  | Reached XP level 16. HP: 103/123 MP: 21/21
 10300 | Slime:5  | Killed an acid blob
 10407 | Slime:6  | Noticed an acid blob
 10423 | Slime:5  | Killed an acid blob
 10506 | Slime:6  | Noticed the royal jelly
 10524 | Slime:6  | Noticed an azure jelly
 10524 | Slime:6  | Noticed an azure jelly
 10529 | Slime:6  | Killed an azure jelly
 10534 | Slime:6  | Killed an azure jelly
 10535 | Slime:6  | Found a viscous altar of Jiyva.
 10535 | Slime:6  | Noticed an acid blob
 10538 | Slime:6  | Noticed an acid blob
 10552 | Slime:6  | Killed an acid blob
 10557 | Slime:6  | Killed an acid blob
 10559 | Slime:6  | Noticed an acid blob
 10566 | Slime:6  | Killed an acid blob
 10571 | Slime:6  | Noticed an acid blob
 10573 | Slime:6  | Killed the royal jelly
 10573 | Slime:6  | Noticed an acid blob
 10573 | Slime:6  | Noticed an acid blob
 10573 | Slime:6  | Noticed an acid blob
 10575 | Slime:6  | HP: 1/123 [death ooze[the royal jelly] (18)]
 10575 | Slime:6  | Splashed by an acid blob's acid

Vault maps used:
D:1:      minmay_arrival_wavy_path
D:2:      first_bread, ecumenical_altar_2
D:3:      grunt_temple_overflow_open
D:4:      tgw_trog, uniq_duvessa, uniq_blork_the_orc, uniq_crazy_yiuf_cottage,
          uniq_grinder
D:5:      gammafunk_temple_overflow_forgotten, minmay_temple_entry_trees
D:7:      uniq_joseph, uniq_menkaure
D:8:      overflow_temple_1_default, david_nohive_1, minmay_misc_feat_roman,
          uniq_gastronok, uniq_grum, uniq_pikel, uniq_erolcha, uniq_erica
D:9:      nicolae_overflow_crystal_walls, special_room
D:10:     serial_shops, shop, serial_corexii_hall, corexii_hall_statues_i,
          corexii_hall_statues_l
D:11:     evilmike_iron_armoury, grunt_lair_entry_elf_guard_hut, uniq_psyche,
          uniq_fannar
D:12:     orc_0_dummy, basic_altar, columned_hall_lemuel
D:13:     cheibrodos_stairvault_heist, basic_altar
Lair:2:   serial_bayou_shore_a
Lair:3:   cheibrodos_lair_reptile_den
Lair:4:   minmay_snake_entry_six_corridors, kennysheep_basilisk_garden,
          uniq_nergalle
Lair:5:   swamp_mist_pool, grunt_megastairs_3
Lair:6:   minmay_slime_entry_pillars, portal_ice_cave_entry_ice_beasts,
          beast_lair_carwin_8, infiniplex_staircase_pool_2
Lair:8:   due_jungle_book, st_stairs_11, grunt_megastairs_2
Swamp:1:  evilmike_swamp_ruin_wall, uniq_aizul
Swamp:2:  hangedman_swamp_pad, swamp_pool5
Swamp:3:  nicolae_swamp_rocky_clearing, uniq_donald, uniq_kirke
Swamp:4:  swamp_old_school
Slime:2:  basic_altar, cheibrodos_slime_lost_civilization_7
Orc:1:    mines2_david
Orc:2:    basic_altar, enter_bailey_3
Orc:3:    nicolae_orc_pool_cavern, statue_in_the_mist_lemuel,
          nicolae_orc_tapped_out, uniq_snorg
Orc:4:    st_orc_open, serial_shops, nicolae_shop_waterfront,
          nicolae_orc_rockfall
Bailey:   bailey_axe_3, bailey

Action                   |  1- 3 |  4- 6 |  7- 9 | 10-12 | 13-15 | 16-18 || total
-------------------------+-------+-------+-------+-------+-------+-------++-------
Melee: Hand axe          |    91 |    69 |   358 |   219 |       |       ||   737
       Battleaxe         |       |       |       |   429 |   832 |    55 ||  1316
       War axe           |       |       |       |    50 |       |       ||    50
Throw: Throwing net      |       |       |       |       |     1 |       ||     1
Invok: Berserk           |     3 |     4 |     7 |    10 |    17 |       ||    41
       Trog's Hand       |     1 |       |     5 |    13 |    11 |     1 ||    31
       Brothers in Arms  |       |       |       |     2 |     9 |     7 ||    18
 Abil: Evoke Teleportati |       |       |       |       |     8 |       ||     8
Evoke: Wand              |       |       |       |       |     6 |     1 ||     7
  Use: Scroll            |       |       |       |    12 |    22 |       ||    34
       Potion            |       |       |       |       |    13 |     3 ||    16
 Stab: Confused          |       |       |       |       |     1 |       ||     1
       Distracted        |       |       |       |       |     1 |       ||     1
       Held in net/web   |       |       |       |       |     1 |       ||     1
  Eat: Pizza             |     1 |       |       |     1 |       |       ||     2
       Chunk             |       |     6 |     8 |    21 |    20 |       ||    55
       Bread ration      |       |       |     1 |       |     5 |       ||     6
       Meat ration       |       |       |       |     1 |     1 |       ||     2
